 Dungeon Crawl Stone Soup version 0.26-a0-966-gd078a86f14 (webtiles) character file.

Game seed: 6298385651522062405

1841 lunkers the Geomancer (level 9, -2/66 HPs)
             Began as a Formicid Earth Elementalist on Dec 4, 2020.
             Was a Believer of Vehumet.
             Shot with a bolt by an orc (15 damage)
             ... in a bailey.
             The game lasted 00:14:30 (9049 turns).

lunkers the Geomancer (Formicid Earth Elementalist) Turns: 9049, Time: 00:14:32

Health: -2/66      AC:  4    Str: 14    XL:     9   Next: 33%
Magic:  16/18      EV: 11    Int: 17    God:    Vehumet [**....]
Gold:   385        SH:  0    Dex: 11    Spells: 9/20 levels left

rFire    . . .     SeeInvis +   u - +2 hand axe (flame)
rCold    . . .     Faith    .   (no shield)
rNeg     . . .     Spirit   .   i - +0 leather armour of Incorporation {+Blink rPois Regen+ SInv}
rPois    +         Reflect  .   (helmet unavailable)
rElec    .         Harm     .   h - +0 cloak
rCorr    .         Rampage  .   (no gloves)
MR       .....                  (no boots)
Stlth    ++........             (no amulet)
HPRegen  0.61/turn              (no ring)
MPRegen  0.16/turn              (no ring)

@: no status effects
A: permanent stasis, dig shafts and tunnels, four strong arms, antennae 3
a: Dig, Shaft Self, Renounce Religion


You were in a bailey.
You worshipped Vehumet.
Vehumet was pleased with you.
You visited 1 branch of the dungeon, and saw 7 of its levels.
You also visited: Bailey.

You collected 385 gold pieces.

Inventory:

Hand Weapons
 u - a +2 hand axe of flaming (weapon)
Missiles
 b - 134 stones (quivered)
Armour
 h - a +0 cloak (worn)
 i - the +0 leather armour of Incorporation (worn) {+Blink rPois Regen+ SInv}
   (You found it on level 4 of the Dungeon)

   It protects you from poison.
   It lets you see invisible.
   It lets you blink.
   It increases your rate of regeneration.
 t - the +1 robe of the Cuttlefish {Harm rN+ Int+3 SInv}
   (You found it on level 4 of the Dungeon)

   It affects your intelligence (+3).
   It protects you from negative energy.
   It lets you see invisible.
   It increases damage dealt and taken.
Wands
 c - a wand of enslavement (10)
 d - a wand of acid (10)
 m - a wand of iceblast (7)
 s - a wand of disintegration (12)
 z - a wand of random effects (20)
Scrolls
 f - 4 scrolls of remove curse
 g - 2 scrolls of enchant weapon {unknown}
 j - 2 scrolls of magic mapping {unknown}
 k - 2 scrolls of fog
 q - a scroll of noise {unknown}
 v - a scroll of blinking {unknown}
 x - a scroll of amnesia {unknown}
 y - a scroll of immolation {unknown}
Potions
 a - a potion of curing
 e - a potion of haste
 l - 2 potions of might
 n - a potion of attraction
 o - a potion of berserk rage {unknown}
 p - 2 potions of cancellation
 r - 2 potions of magic
 w - a potion of brilliance {unknown}


   Skills:
 + Level 4.4 Fighting
 - Level 1.7 Dodging
 - Level 2.4 Stealth
 + Level 6.3 Spellcasting
 - Level 2.0 Conjurations
 - Level 1.1 Transmutations
 * Level 10.7 Earth Magic


You had 9 spell levels left.
You knew the following spells:

 Your Spells              Type           Power        Failure   Level
a - Stone Arrow           Conj/Erth      ####..       3%          3
b - Passwall              Tmut/Erth      ####....     2%          2
c - Sandblast             Erth           #####.       1%          1
d - Lee's Rapid Deconstr  Erth           #####.....   5%          5

Your spell library contained the following spells:

 Spells                   Type           Power        Failure   Level
 Freeze                   Ice            #...         16%         1
 Petrify                  Tmut/Erth      ####....     14%         4


Dungeon Overview and Level Annotations

Branches:
Dungeon (7/15)             Temple (0/1) D:4          Bailey (1/1)

Altars:
Cheibriados
Gozag
Makhleb
Sif Muna
Vehumet
Yredelemnul

Shops:
D:6 *


Innate Abilities, Weirdness & Mutations

You cannot be hasted, slowed, berserked, paralysed or teleported.
You can dig through walls and to a lower floor.
Your four strong arms can wield two-handed weapons with a shield.
You have a pair of large antennae on your head. (SInv)


Message History

You hear a splash.
The orc warrior shoots a bolt.
The bolt closely misses you.
You see here a bolt.
The orc warrior shoots a bolt.
The bolt hits you!!
* * * LOW HITPOINT WARNING * * *
You see here 3 bolts.
Evoke which item? (* to show all) (? for menu, Esc to quit)
Aiming: Iceblast
Press: ? - help, Shift-Dir - straight line The mass of ice explodes!
The iceblast engulfs the orc!
You kill the orc!
Vehumet accepts your kill.
You hear a splash. x3; You hear a shout!
Unknown command.
Unknown command.
Evoke which item? (* to show all) (? for menu, Esc to quit)
Okay, then.
The orc warrior shoots a bolt.
The bolt barely misses you.
The orc shoots a bolt.
The bolt hits you!
You die...

≈≈≈≈≈≈≈≈......
#≈≈≈≈≈≈≈......#
#≈≈≈≈o≈≈......#
#≈≈≈≈o≈≈......# { {
#≈≈≈≈≈≈≈......#
##≈≈≈≈≈≈≈.)....# { {
#≈≈))≈≈≈≈......#
##≈≈≈≈≈≈(≈......#
##≈≈≈≈≈≈≈≈(@.....# #
####≈≈≈≈≈≈≈≈≈≈((....#
###≈≈≈≈≈(≈)#.#≈≈((....#
≈≈≈≈≈≈≈≈≈≈#∩.##≈......#
≈≈≈≈≈≈≈≈(≈).^..≈......#
≈≈≈≈≈≈((≈≈##.##≈......#
≈≈≈≈≈≈≈≈≈≈≈#.#≈≈......#
≈≈≈(≈≈≈≈≈≈≈≈≈≈≈≈......#
......................#


You could see an orc warrior and an orc.

Vanquished Creatures
  Grinder (D:4)
  A sky beast (D:4)
  3 ogres
  A centaur (D:5)
  2 bullfrogs (D:6)
  A gnoll sergeant (D:6)
  A scorpion (D:5)
  A centaur zombie (D:5)
  3 hounds
  3 orc priests
  3 bullfrog skeletons (D:4)
  3 orc wizards (D:4)
  Jessica (D:2)
  Ijyb (D:4)
  Terence (D:2)
  An iguana (D:6)
  6 worker ants
  2 hound skeletons
  A mummy (D:6)
  A worker ant zombie (D:5)
  Robin (D:2)
  8 adders
  4 gnolls
  A shadow imp (D:7)
  2 white imps
  2 ufetubi (D:5)
  An adder skeleton (D:4)
  An adder zombie (D:6)
  3 worms
  6 dart slugs
  6 leopard geckos
  25 orcs
  2 giant cockroaches
  18 goblins
  13 hobgoblins
  8 jackals
  2 quokkas
  A ball python (D:2)
  3 bats
  4 frilled lizards
  3 kobolds
  A leopard gecko skeleton (D:4)
  2 quokka skeletons
  7 rats
161 creatures vanquished.

Vanquished Creatures (others)
  A plant (D:7)
1 creature vanquished.

Grand Total: 162 creatures vanquished

Notes
Turn   | Place    | Note
-------+----------+-------------------------------------------
     0 | D:1      | lunkers the Formicid Earth Elementalist began the quest for
                  | the Orb.
     0 | D:1      | Reached XP level 1. HP: 13/13 MP: 3/3
   224 | D:1      | Reached skill level 4 in Earth Magic
   224 | D:1      | Reached XP level 2. HP: 19/19 MP: 3/5
   696 | D:2      | Found a shimmering blue altar of Sif Muna.
   706 | D:2      | Noticed Robin
   719 | D:2      | Reached XP level 3. HP: 22/24 MP: 1/6
   925 | D:2      | Noticed Jessica
   931 | D:2      | Killed Jessica
   932 | D:2      | Reached skill level 5 in Earth Magic
   932 | D:2      | Reached XP level 4. HP: 30/30 MP: 5/8
  1162 | D:2      | Killed Robin
  1574 | D:2      | Reached XP level 5. HP: 35/35 MP: 6/9
  1872 | D:2      | Noticed Terence
  1883 | D:2      | Killed Terence
  1884 | D:2      | Reached skill level 6 in Earth Magic
  2377 | D:3      | Learned a level 2 spell: Passwall
  2381 | D:3      | Learned a level 3 spell: Stone Arrow
  2469 | D:3      | Found a radiant altar of Vehumet.
  2611 | D:3      | Became a worshipper of Vehumet
  2919 | D:4      | Reached XP level 6. HP: 39/41 MP: 0/11
  3446 | D:4      | Noticed Grinder
  3933 | D:4      | Got a glimmering leather armour
  3951 | D:4      | Identified the +0 leather armour of Incorporation {+Blink
                  | rPois Regen+ SInv} (You found it on level 4 of the Dungeon)
  3959 | D:4      | Reached skill level 1 in Conjurations
  3959 | D:4      | Reached skill level 7 in Earth Magic
  4140 | D:4      | Reached XP level 7. HP: 40/46 MP: 1/13
  4551 | D:4      | Found a burning altar of Makhleb.
  4714 | D:4      | Found a staircase to the Ecumenical Temple.
  5127 | D:4      | Got a wizard robe
  5252 | D:4      | Reached skill level 8 in Earth Magic
  5343 | D:4      | Identified the +1 robe of the Cuttlefish {Harm rN+ Int+3
                  | SInv} (You found it on level 4 of the Dungeon)
  5421 | D:4      | Killed Grinder
  5422 | D:4      | Reached skill level 1 in Fighting
  5422 | D:4      | Reached XP level 8. HP: 53/55 MP: 0/15
  5625 | D:4      | Reached skill level 5 in Spellcasting
  5785 | D:4      | Noticed Ijyb
  5791 | D:4      | Killed Ijyb
  5934 | D:4      | Reached * piety under Vehumet
  5934 | D:4      | Offered knowledge of Foxfire by Vehumet.
  5935 | D:4      | Reached skill level 9 in Earth Magic
  6110 | D:5      | Entered Level 5 of the Dungeon
  6945 | D:5      | Found an opulent altar of Gozag.
  7282 | D:6      | Found Deren's Assorted Antiques.
  7483 | D:5      | Reached XP level 9. HP: 26/64 MP: 1/17
  7600 | D:6      | Reached skill level 10 in Earth Magic
  8093 | D:6      | Offered knowledge of Freeze by Vehumet.
  8525 | D:6      | Found a snail-covered altar of Cheibriados.
  8615 | D:6      | Found a basalt altar of Yredelemnul.
  8648 | D:7      | Found a flagged portal.
  8653 | D:7      | Reached ** piety under Vehumet
  8723 | Bailey   | Entered a bailey
  8731 | Bailey   | Learned a level 5 spell: Lee's Rapid Deconstruction
  9049 | Bailey   | Shot with a bolt by an orc

Illustrated notes

Levels and vault maps discovered:
D:1:      minmay_arrival_radiant_lines, layout_basic
D:2:      minmay_recursive_quarters, layout_basic, general_overflow_altar,
          uniq_terence, uniq_jessica, uniq_robin
D:3:      layout_rooms, fiery_altar_vehumet, serial_bayou, serial_bayou_shore_b,
          serial_bayou_crossing, serial_bayou_pond_a, serial_bayou_lagoon_a,
          serial_bayou_shore_a
D:4:      layout_gridville, lemuel_doored_altar, minmay_temple_entry_grid,
          kennysheep_generic_room_7, uniq_ijyb, uniq_grinder
D:5:      layout_loops_ring, nicolae_gozag_seed_capital
D:6:      layout_cave_pools, kennysheep_mini_moat, slow_altar_2, serial_shops,
          nicolae_shop_trees
D:7:      layout_basic, fedhas_altar_4, gammafunk_temple_overflow_forgotten,
          xom_butterflies, enter_bailey_5
Bailey:   bailey_polearm_2, bailey

Skill      XL: |  1  2  3  4  5  6  7  8  9 |
---------------+----------------------------+-----
Earth Magic    | 4 5 6 7 8 9 10 | 10.7
Spellcasting   | 3 4 5 6 |  6.3
Conjurations   | 1 2 |  2.0
Fighting       | 1 3 4 |  4.4
Dodging        | |  1.7
Stealth        | |  2.4
Transmutations | |  1.1

Action                   |  1- 3 |  4- 6 |  7- 9 || total
-------------------------+-------+-------+-------++-------
Melee: Unarmed           |     5 |       |       ||     5
       Rapier            |       |     4 |    11 ||    15
       Hand axe          |       |       |    13 ||    13
Throw: Stone             |       |       |     1 ||     1
 Cast: Sandblast         |    37 |    77 |    10 ||   124
       Stone Arrow       |       |    21 |   147 ||   168
Evoke: Wand              |       |       |     1 ||     1
  Use: Scroll            |       |     6 |     4 ||    10
Armor: Robe              |     4 |     6 |       ||    10
       Leather armour    |       |     3 |    11 ||    14
Dodge: Dodged            |    11 |    35 |    55 ||   101

Table legend: (Time is in decaauts)
 A = Elapsed time spent in this place.
 B = Non-inter-level travel time spent in this place.
 C = Inter-level travel time spent in this place.
 D = Time resting spent in this place.
 E = Time spent auto-exploring this place.
 F = Levels seen in this place.
 G = Mean time per level.
                   A        B        C        D        E       F      G
               +--------+--------+--------+--------+--------+-----+--------+
         Total |   9109 |   8986 |    123 |   1920 |   5617 |   8 | 1138.6 |
       Dungeon |   8759 |   8636 |    123 |   1856 |   5418 |   7 | 1251.3 |
        Bailey |    349 |    349 |      0 |     64 |    199 |   1 |  349.0 |
               +--------+--------+--------+--------+--------+-----+--------+

Top non-repeatable levels by time:
     D:4: 2367 daAuts
     D:3: 1572 daAuts
     D:2: 1287 daAuts
     D:5: 1284 daAuts
     D:6: 1251 daAuts
     D:1: 913 daAuts
  Bailey: 349 daAuts
     D:7: 83 daAuts
